 Dungeon Crawl Stone Soup version 0.31.0-9-g3a7656b989 (webtiles) character file.

Game seed: 6771449738552758890

1591 Killerpretzel the Summoner (level 8, 36/36 HPs)
             Began as a Felid Summoner on Feb 5, 2024.
             Quit the game on level 6 of the Dungeon.
             The game lasted 00:24:56 (6298 turns).

Killerpretzel the Summoner (Felid Summoner)         Turns: 6298, Time: 00:24:56

Health: 36/36      AC:  2    Str:  4    XL:     8   Next: 61%
Magic:  16/16      EV: 21    Int: 21    God:
Gold:   371        SH:  0    Dex: 17    Spells: 13/17 levels left
                                        Lives:  1   Deaths: 2

rFire   + . .        (weapon unavailable)
rCold   + . .        (shield unavailable)
rNeg    . . .        (body armour unavailable)
rPois   .            (helmet unavailable)
rElec   .            (cloak unavailable)
rCorr   .            (gloves unavailable)
SInv    +            (boots unavailable)
Will    +....        (no amulet)
Stlth   ++           j - ring of protection from cold
HPRegen 0.26/turn    o - ring of protection from fire
MPRegen 0.15/turn

%: no passive effects
@: inugami summoned
A: very small, claws 1, fangs 3, see invisible, shaggy fur 2, stealthy paws, no
weapons or thrown items, no armour, multi-lived
a: no special abilities


You were on level 6 of the Dungeon.
You visited 1 branch of the dungeon, and saw 6 of its levels.

You collected 371 gold pieces.

Inventory:

Jewellery
 f - a ring of positive energy
 j - a ring of protection from cold (left paw)
 o - a ring of protection from fire (right paw)
Wands
 g - a wand of flame (7)
 h - a wand of roots (2)
Scrolls
 d - a scroll of enchant weapon
 e - 2 scrolls of teleportation
 k - a scroll of fear
 n - a scroll of torment
Potions
 a - a potion of magic
 b - a potion of brilliance
 c - a potion of curing {unknown}
 m - a potion of heal wounds {unknown}


   Skills:
 + Level 7.5 Dodging
 - Level 2.6 Stealth
 + Level 5.3 Spellcasting
 * Level 8.8 Summonings


You had 13 spell levels left.
You knew the following spells:

 Your Spells              Type           Power      Damage    Failure   Level
a - Summon Small Mammal   Summ           100%       N/A       1%          1
b - Call Canine Familiar  Summ           42%        N/A       1%          3

Your spell library contained the following spells:

 Spells                   Type           Power      Damage    Failure   Level
 Call Imp                 Summ           84%        N/A       1%          2
 Apportation              Tloc           10%        N/A       11%         1
 Necrotise                Necr           20%        1d5       11%         1
 Sting                    Conj/Alch      20%        1d4       11%         1
 Summon Blazeheart Golem  Fire/Summ      24%        N/A       17%         4
 Summon Lightning Spire   Summ/Air       24%        N/A       17%         4
 Frozen Ramparts          Ice            10%        1d2       32%         3
 Leda's Liquefaction      Alch/Erth      2%         N/A       71%         4
 Petrify                  Alch/Erth      5%         N/A       71%         4
 Metabolic Englaciation   Hex/Ice        2%         N/A       96%         5


Dungeon Overview and Level Annotations

Branches:
Dungeon (6/15)
 Temple: D:4-7

Altars:
Ashenzari
Wu Jian
Xom
Yredelemnul

Shops:
D:1 (   D:3 :   D:5 *


Innate Abilities, Weirdness & Mutations

You have sharp claws.
You have razor-sharp teeth.
You have supernaturally acute eyesight. (SInv)
You are covered in thick fur. (AC +2)
Your paws help you pounce on unaware monsters.
You are incapable of wielding weapons or throwing items.
You cannot wear armour.
You gain extra lives every three experience levels.


Message History

The scorpion is moderately wounded.
The scorpion stings you.
Your inugami barely misses the scorpion.
There are monsters nearby!
You closely miss the scorpion.
The scorpion is moderately wounded.
The scorpion closely misses you.
Your inugami hits the scorpion.
There are monsters nearby!
The scorpion closely misses something.
The scorpion misses your inugami.
The scorpion barely misses something.
Your inugami hits the scorpion.
The scorpion stings your inugami but does no damage.
Your inugami hits the scorpion.
The scorpion stings your inugami but does no damage.
Your inugami hits the scorpion.
The scorpion dies!
You swap places.
The centaur shouts!
The centaur wields a +0 shortbow.
The centaur shoots an arrow.
The arrow hits you.
You swap places.
The centaur shoots an arrow.
The arrow misses you.
The centaur shoots an arrow.
The arrow completely misses you.
The centaur shoots an arrow.
The arrow hits you!
Your inugami hits the centaur!
The centaur shoots an arrow.
The arrow hits you!
* * * LOW HITPOINT WARNING * * *
Your inugami hits the centaur but does no damage.
The centaur shoots an arrow.
The arrow misses you.
Casting: Call Canine Familiar (safe; 1% risk of failure)
Confirm with . or Enter, or press ? or * to list all spells.
The centaur shoots an arrow.
The arrow barely misses you.
Your inugami hits the centaur!
The centaur shoots an arrow.
The arrow hits you!
You die...
The centaur shoots an arrow.
The arrow completely misses you.
Your inugami hits the centaur but does no damage.
Welcome back, Killerpretzel the Felid Summoner.
Press ? for a list of commands and other information.
You rejoin the land of the living...
Are you sure you want to abandon this character and quit the game? (Confirm with "yes".)

#######
#.....#
#.....#
#.....#
#.....#
#.....#
#....@#
....(...#
.........
.....#####
..... ....
... ...


There were no monsters in sight!

Vanquished Creatures
  The ghost of Tomate the Gusty, an amateur DsAE (D:4)
  An ice beast (D:5)
  An adder (D:4)
  A dart slug (D:1)
  4 ball pythons
  3 bats
  2 endoplasms
  A goblin (D:4)
  A jackal (D:1)
  A kobold (D:2)
  3 quokkas
  3 frilled lizards
22 creatures vanquished.

Vanquished Creatures (collateral kills)
  Grinder (D:3)
  The ghost of cariele the Covert, an amateur SpBr of Dithmenos (D:4)
  A water moccasin (D:5)
  An ogre (D:5)
  2 phantoms (D:5)
  2 scorpions
  A howler monkey (D:4)
  A centaur zombie (D:3)
  3 hounds
  An orc priest (D:3)
  A jelly (D:5)
  An iguana (D:5)
  Natasha (thrice) (D:2)
  4 gnolls (D:3)
  4 adders
  2 ufetubi (D:6)
  3 dart slugs
  A ribbon worm (D:5)
  3 orcs
  7 ball pythons
  6 endoplasms
  5 giant cockroaches
  9 goblins
  4 hobgoblins
  5 jackals
  2 quokkas
  A ball python zombie (D:3)
  4 bats
  3 frilled lizards
  7 kobolds
  3 rats
92 creatures vanquished.

Grand Total: 114 creatures vanquished

Notes
Turn   | Place    | Note
-------+----------+-------------------------------------------
     0 | D:1      | Killerpretzel the Felid Summoner began the quest for the
                  | Orb.
     0 | D:1      | Reached XP level 1. HP: 9/9 MP: 4/4
    12 | D:1      | Found Xobeg's Antique Weapon Boutique.
    96 | D:1      | Reached XP level 2. HP: 13/13 MP: 4/6
   405 | D:1      | Reached XP level 3. HP: 16/16 MP: 4/7
   409 | D:1      | Learned a level 3 spell: Call Canine Familiar
   967 | D:2      | Found a shimmering altar of Xom.
  1022 | D:2      | Noticed Natasha
  1030 | D:2      | Killed Natasha
  1195 | D:2      | Reached XP level 4. HP: 21/21 MP: 8/8
  1195 | D:2      | Gained a life (2 lives remaining)
  1284 | D:2      | Reached skill level 5 in Summonings
  1570 | D:2      | Noticed Natasha
  1578 | D:2      | Killed Natasha
  1587 | D:2      | Noticed Natasha
  2018 | D:2      | Killed Natasha
  2019 | D:2      | Reached XP level 5. HP: 13/24 MP: 0/10
  2070 | D:3      | Found an ornate altar of the Wu Jian Council.
  2124 | D:3      | Noticed Grinder
  2632 | D:3      | Found Iqoucemm's Book Shoppe.
  3143 | D:3      | Killed Grinder
  3144 | D:3      | Reached skill level 5 in Dodging
  3144 | D:3      | Reached skill level 6 in Summonings
  3144 | D:3      | Gained mutation: You are covered in thick fur. (AC +2)
                  | [Felid growth]
  3144 | D:3      | Reached XP level 6. HP: 28/28 MP: 3/12
  3367 | D:3      | Found a basalt altar of Yredelemnul.
  3958 | D:4      | Found a runed translucent gate.
  3958 | D:4      | Found a runed translucent gate.
  3958 | D:4      | Found a runed translucent gate.
  3965 | D:4      | Found a broken altar of Ashenzari.
  4248 | D:4      | Reached XP level 7. HP: 24/32 MP: 13/13
  4499 | D:4      | Noticed Tomate's ghost (amateur DsAE)
  4500 | D:4      | Noticed cariele's ghost (amateur SpBr)
  4848 | D:4      | Killed cariele's ghost
  4849 | D:4      | Reached skill level 7 in Summonings
  4867 | D:4      | HP: 1/32 [Tomate's ghost (8)]
  4867 | D:4      | Slain by Tomate's ghost
  4867 | D:4      | Lost a life (1 life remaining)
  4923 | D:4      | Killed Tomate's ghost
  5012 | D:5      | Entered Level 5 of the Dungeon
  5092 | D:5      | Reached XP level 8. HP: 36/36 MP: 10/15
  5092 | D:5      | Gained a life (2 lives remaining)
  5399 | D:5      | Reached skill level 8 in Summonings
  5527 | D:5      | Found Hutzemaz's Gadget Gallery.
  5575 | D:5      | Reached skill level 5 in Spellcasting
  6297 | D:6      | Shot with an arrow by a centaur
  6297 | D:6      | Lost a life (1 life remaining)
  6298 | D:6      | Quit the game

Illustrated notes

Levels and vault maps discovered:
D:1:      dpeg_arrival_pits, layout_rooms, serial_shops, shop, minivault_4
D:2:      layout_basic, basic_altar, minmay_gold_behind_fungi,
          minmay_misc_feat_iff, uniq_natasha
D:3:      layout_basic, lemuel_zombie_altar_yredelemnul,
          nzn_wu_jian_contemplation, serial_shops, nicolae_shop_waterfront,
          minmay_stone_trees_small, grunt_ministairs_1, st_stairs_8,
          chequers_serial_rivers_micro_e, uniq_grinder
D:4:      layout_gridville, evilmike_ruin_ashenzari, serial_glass,
          glass_columns_b, glass_columns_b, gammafunk_ghost_cemetery,
          chequers_hall_statues_wall_a
D:5:      layout_basic, nicolae_shop_gadgets
D:6:      layout_basic, grunt_temple_overflow_order_and_chaos_2,
          minmay_temple_entry_glassed_door

Skill      XL: |  1  2  3  4  5  6  7  8 |
---------------+-------------------------+-----
Dodging        | 3 4 5 6 7 |  7.5
Summonings     | 5 6 7 8 |  8.8
Spellcasting   | 3 4 5 |  5.3
Stealth        | |  2.6

Action                     |  1- 3 |  4- 6 |  7- 9 || total
---------------------------+-------+-------+-------++-------
  Melee: Unarmed           |    46 |    54 |    41 ||   141
         Bite              |     1 |     9 |     5 ||    15
         Punch             |       |     1 |     1 ||     2
   Cast: Summon Small Mamm |    26 |    41 |    19 ||    86
         Call Canine Famil |    10 |    31 |    17 ||    58
  Evoke: Wand              |       |       |    12 ||    12
    Use: Scroll            |     3 |     5 |     3 ||    11
   Stab: Sleeping          |     1 |     3 |     1 ||     5
         Distracted        |       |     2 |       ||     2
 Armour: Skin              |    26 |    39 |    31 ||    96
  Dodge: Dodged            |    86 |   117 |    99 ||   302
